 Dungeon Crawl Stone Soup version 0.23.2-1-ga50397a (webtiles) character file.

Game seed: 5467195005908457293

107 night the Slasher (level 4, 0/28 HPs)
             Began as a Gargoyle Monk on Apr 17, 2019.
             Was a Believer of Cheibriados.
             Slain by Crazy Yiuf
             ... wielding a +4 quarterstaff of chaos
              (2 damage)
             ... on level 2 of the Dungeon.
             The game lasted 00:03:40 (1563 turns).

night the Slasher (Gargoyle Monk)                   Turns: 1563, Time: 00:03:41

Health: 0/28       AC: 10    Str: 19    XL:     4   Next: 85%
Magic:  3/4        EV: 11    Int: 15    God:    Cheibriados [**....]
Gold:   117        SH:  0    Dex: 16    Spells: 3/3 levels left

rFire    . . .     SeeInvis .   a - +0 falchion
rCold    . . .     Gourm    .   (no shield)
rNeg     + . .     Faith    .   f - +0 scale mail
rPois    ∞         Spirit   .   (no helmet)
rElec    +         Reflect  .   m - +0 cloak
rCorr    .         Harm     .   (no gloves)
MR       .....                  (no boots)
Stlth    +.........             (no amulet)
HPRegen  0.09/turn              (no ring)
MPRegen  0.09/turn              (no ring)

@: very slow
A: negative energy resistance 1, electricity resistance, unbreathing,
petrification resistance, rot immunity, AC +3
a: Bend Time, Renounce Religion


You were on level 2 of the Dungeon.
You worshipped Cheibriados.
Cheibriados was pleased with you.
You were hungry.

You visited 1 branch of the dungeon, and saw 2 of its levels.

You collected 117 gold pieces.

Inventory:

Hand Weapons
 a - a +0 falchion (weapon)
 i - a +0 dagger
Missiles
 h - 68 stones (quivered)
 r - 58 arrows
Armour
 b - a +0 robe
 f - a +0 scale mail (worn)
 m - a +0 cloak (worn)
Wands
 t - a wand of flame (12)
Scrolls
 d - 2 scrolls of identify {unknown}
 e - a scroll of remove curse {unknown}
 k - 2 scrolls of teleportation {unknown}
 o - a scroll of immolation {unknown}
 p - a scroll of blinking {unknown}
 s - a scroll of enchant armour {unknown}
Potions
 g - 2 potions of mutation {unknown}
 j - a potion of brilliance {unknown}
 l - a potion of agility {unknown}
 n - 2 potions of curing {unknown}
Comestibles
 c - 4 rations


   Skills:
 - Level 3.2 Fighting
 + Level 4.9 Long Blades
 - Level 2.4 Dodging
 - Level 2.1 Stealth


You had 3 spell levels left.
You didn't know any spells.
Your spell library was empty.

Dungeon Overview and Level Annotations

Branches:
Dungeon (2/15)

Altars:
Cheibriados

Annotations:
D:2 Crazy Yiuf


Innate Abilities, Weirdness & Mutations

You are resistant to torment.
Your stone body is resilient. (AC +3)
You are immune to poison.
You resist negative energy. (rN+)
You are resistant to electric shocks. (rElec)
You can survive without breathing.
You are immune to petrification.
You are immune to rotting.


Message History

Crazy Yiuf is moderately wounded.
You barely miss Crazy Yiuf.
Crazy Yiuf is moderately wounded.
Crazy Yiuf hits you with a +4 quarterstaff of chaos.
Crazy Yiuf burns you.
You hit Crazy Yiuf.
Crazy Yiuf is moderately wounded.
Crazy Yiuf closely misses you.
You barely miss Crazy Yiuf.
Crazy Yiuf is moderately wounded.
Crazy Yiuf hits you with a +4 quarterstaff of chaos.
You hit Crazy Yiuf but do no damage.
Crazy Yiuf is moderately wounded.
Crazy Yiuf hits you with a +4 quarterstaff of chaos!
* * * LOW HITPOINT WARNING * * *
You feel your power leaking away.
You barely miss Crazy Yiuf.
Crazy Yiuf is moderately wounded.
Crazy Yiuf hits you with a +4 quarterstaff of chaos.
You die...

##### ######## #)..#
#....... #...# ###
#.###### ... #.###.##
#g# #.##...## #@##
#.#.....## ##.#
#........### #.##
#........... ##.#
#........### ######
##.## #.#.....####
#)...# ##PP.#
#......#.... #.###.####
#.PP.# #####.##.###
#...<>...# #....#
#.##.#
....###.#######....####
#.##.#


You could see Crazy Yiuf.

Vanquished Creatures
  A bullfrog skeleton (D:2)
  An adder (D:2)
  2 oozes (D:1)
  3 worms (D:2)
  A dart slug (D:1)
  A leopard gecko (D:1)
  3 giant cockroaches
  5 goblins
  3 hobgoblins
  10 jackals (D:1)
  2 ball pythons
  4 bats
  2 frilled lizards (D:1)
  6 kobolds
  3 rats
47 creatures vanquished.

Notes
Turn   | Place    | Note
-------+----------+-------------------------------------------
     0 | D:1      | night the Gargoyle Monk began the quest for the Orb.
     0 | D:1      | Reached XP level 1. HP: 14/14 MP: 1/1
   121 | D:1      | Reached skill level 3 in Long Blades
   178 | D:1      | Reached XP level 2. HP: 17/19 MP: 2/2
   380 | D:1      | Reached XP level 3. HP: 19/23 MP: 3/3
   591 | D:1      | Reached skill level 4 in Long Blades
   927 | D:2      | Reached XP level 4. HP: 20/28 MP: 4/4
  1031 | D:2      | Found a snail-covered altar of Cheibriados.
  1042 | D:2      | Became a worshipper of Cheibriados the Contemplative
  1042 | D:2      | Reached * piety under Cheibriados
  1042 | D:2      | Reached ** piety under Cheibriados
  1429 | D:2      | Found a faded altar of an unknown god.
  1552 | D:2      | Found a runed translucent door.
  1553 | D:2      | Noticed Crazy Yiuf
  1563 | D:2      | Slain by Crazy Yiuf

Skill      XL: |  1  2  3 |
---------------+----------+-----
Long Blades    | 3 4 |  4.9
Fighting       | |  3.2
Dodging        | |  2.4
Stealth        | |  2.1

Action                   |  1- 3 |  4- 6 || total
-------------------------+-------+-------++-------
Melee: Falchion          |   116 |    42 ||   158
  Eat: Chunk             |       |     1 ||     1
Armor: Scale mail        |    61 |    15 ||    76
       Robe              |     2 |       ||     2
Dodge: Dodged            |    69 |    29 ||    98
       Rpst.: Falchion   |    19 |    11 ||    30
